 Dungeon Crawl Stone Soup version 0.14-a0-484-gae2d0ec (webtiles) character file.

151 Malachi the Vexing (level 3, -5/24 HPs)
             Began as a Vampire Enchanter on Oct 31, 2013.
             Slain by Sigmund
             ... wielding a +0,+0 scythe
              (9 damage)
             ... on Level 2 of the Dungeon.
             The game lasted 00:04:19 (1820 turns).

Malachi the Vexing (Vampire Enchanter)              Turns: 1820, Time: 00:04:19

HP  -5/24        AC  3     Str  7      XL: 3   Next: 39%
MP   3/6         EV 18     Int 23      God:
Gold 107         SH  0     Dex 19      Spells:  2 memorised,  1 level left

Res.Fire  : . . .   See Invis. : +   a - +1 dagger
Res.Cold  : . . .   Warding    : .   b - +1 robe
Life Prot.: + . .   Conserve   : .   (no shield)
Res.Poison: .       Res.Corr.  : .   (no helmet)
Res.Elec. : .       Clarity    : .   (no cloak)
Sust.Abil.: . .     Spirit.Shd : .   (no gloves)
Res.Mut.  : .       Stasis     : .   (no boots)
Res.Rott. : .       Flight     : .   (no amulet)
Saprovore : . . .                    (no ring)
                                     (no ring)

@: brilliant, agile, slightly resistant to hostile enchantments, very stealthy
A: fangs 3, see invisible, unbreathing
a: Bat Form


You were on level 2 of the Dungeon.
You were not thirsty.

You visited 1 branch of the dungeon, and saw 2 of its levels.

You collected 107 gold pieces.

Inventory:

Hand weapons
 a - a +1,+1 dagger (weapon)
 g - a +1,+0 elven dagger
 h - a +0,+2 sling of velocity
Missiles
 d - 12 darts (quivered)
 q - 6 tomahawks
Armour
 b - a +1 robe (worn)
Scrolls
 f - a scroll of recharging {unknown}
 k - a scroll of remove curse {unknown}
 l - a scroll of random uselessness {unknown}
 m - a scroll of curse weapon {unknown}
Jewellery
 o - a cursed ring of hunger
Books
 c - a book of Maledictions

   Spells                             Type                      Level
   *Corona                            Hexes                        1
   Sure Blade                         Hexes/Charms                 2
   *Ensorcelled Hibernation           Hexes/Ice                    2
   Confuse                            Hexes                        3
   Enslavement                        Hexes                        4
   Invisibility                       Hexes                        6


   Skills:
 + Level 0.8 Fighting
 * Level 3.4 Short Blades
 - Level 0.7 Throwing
 - Level 2.1 Dodging
 - Level 3.0 Stealth
 - Level 1.0 Spellcasting
 - Level 4.4 Hexes


You had one spell level left.
You knew the following spells:

 Your Spells              Type           Power        Failure   Level  Hunger
a - Corona                Hex            #####..      1%          1    ##.....
b - Ensorcelled Hibernat  Hex/Ice        ####..       1%          2    ###....


Dungeon Overview and Level Annotations

Branches:
Dungeon (2/27)

Altars:

Annotations:
D:2 Sigmund


Innate Abilities, Weirdness & Mutations

You have razor-sharp teeth.*
You have supernaturally acute eyesight.
You can survive without breathing.*


Message History

Sigmund screams, "I am the angel of ZOT!!!"
The bat closely misses you. The bat hits you. The bat misses you.
The bat hits you but does no damage. The bat hits you but does no damage.
The bat misses you.
You see here a rat corpse.
The bat hits you. The bat closely misses you. The bat barely misses you.
The bat hits you but does no damage. The bat misses you.
The bat barely misses you. The bat barely misses you.
The bat completely misses you. Sigmund casts a spell at you.
The magic dart hits you!
* * * LOW HITPOINT WARNING * * *
The bat hits you but does no damage.
Sigmund hits you from afar with a scythe!
You die...

#..#.#.......# #......#####
##..#.#.......# ######%.....# #
....#.#.%.....###....)...#### #
##.##.#.......'..........#
......#.......###.....(..#
##.####..................#
........#####.##.........#
...##########.##b........#
..............##@#########
##............##.#
#............##@####
#............##....#############
#............##....##...........
#............##...%##.##########
#.................%.....)..<>.
#...(........##...%.......#.#
#............###...##.#.#.#


You could see Sigmund (invisible) and a bat.

Vanquished Creatures
  A worm (D:2)
  A giant gecko (D:1)
  An ooze (D:1)
  2 bats (D:1)
  A giant cockroach (D:2)
  3 hobgoblins (D:2)
  10 jackals (D:1)
  6 kobolds
  A giant newt (D:2)
  2 goblins
  4 rats (D:2)
32 creatures vanquished.

Notes
Turn   | Place    | Note
--------------------------------------------------------------
     0 | D:1      | Malachi, the Vampire Enchanter, began the quest for the Orb.
     0 | D:1      | Reached XP level 1. HP: 13/13 MP: 4/4
   456 | D:1      | Reached XP level 2. HP: 14/19 MP: 2/5
  1076 | D:2      | Reached XP level 3. HP: 8/24 MP: 3/6
  1082 | D:2      | Learned a level 2 spell: Ensorcelled Hibernation
  1782 | D:2      | Noticed Sigmund
  1820 | D:2      | Slain by Sigmund

Action                   || total
-------------------------++-------
Melee: Dagger            ||   152
 Cast: Corona            ||    32
       Ensorcelled Hiber ||     3
  Use: Potion            ||     5
       Scroll            ||     1
 Stab: Sleeping          ||     1
